 Dungeon Crawl Stone Soup version 0.21.1-1-g345015fe64 (webtiles) character file.

229 BrokenGlass the Digger (level 6, -3/36 HPs)
             Began as an Octopode Earth Elementalist on Mar 7, 2018.
             Slain by an iguana (9 damage)
             ... on level 5 of the Dungeon.
             The game lasted 00:03:05 (4533 turns).

BrokenGlass the Digger (OpEE)                       Turns: 4533, Time: 00:03:05

Health: -3/36      AC:  1    Str:  8    XL:     6   Next: 3%
Magic:  9/12       EV: 13    Int: 19    God:
Gold:   198        SH:  2    Dex: 12    Spells: 7/13 levels left

rFire    . . .     SeeInvis .   h - +0 dagger
rCold    . . .     Gourm    .   (no shield)
rNeg     . . .     Faith    .   (helmet restricted)
rPois    .         Spirit   .   o - +2 amulet of reflection
rElec    .         Reflect  +   (no ring)
rCorr    .         Harm     .   (no ring)
MR       .....                  (no ring)
Stlth    +++.......             (no ring)
HPRegen  0.12/turn              (no ring)
MPRegen  0.13/turn              (no ring)
                                (no ring)
                                (no ring)

@: no status effects
A: almost no armour, stealthy swim, amphibious, 8 rings, constrict 8, camouflage
1, gelatinous body 1
a: no special abilities


You were on level 5 of the Dungeon.
You were not hungry.

You visited 1 branch of the dungeon, and saw 5 of its levels.

You collected 198 gold pieces.

Inventory:

Hand Weapons
 h - a +0 dagger (weapon)
Missiles
 b - 174 stones (quivered)
Jewellery
 o - a +2 amulet of reflection (around mantle)
Wands
 r - a wand of enslavement (12)
Scrolls
 a - a scroll of fog {unknown}
 e - 6 scrolls of identify {unknown}
 g - a scroll of blinking {unknown}
 j - 2 scrolls of teleportation {unknown}
 l - a scroll of remove curse {unknown}
Potions
 f - a potion of berserk rage {unknown}
 i - a potion of might {unknown}
 k - 2 potions of heal wounds {unknown}
 m - 2 potions of ambrosia {unknown}
 n - 3 potions of magic {unknown}
 p - 3 potions of brilliance {unknown}
 q - 2 potions of lignification {unknown}
Books
 d - a book of Geomancy

   Spells                             Type                      Level
   a - Sandblast                      Earth                        1
   b - Passwall                       Transmutation/Earth          2
   c - Stone Arrow                    Conjuration/Earth            3
   d - Petrify                        Transmutation/Earth          4
   e - Lee's Rapid Deconstruction     Earth                        5
Comestibles
 c - 4 rations
 s - 2 chunks of flesh


   Skills:
 - Level 2.0 Dodging
 - Level 2.6 Stealth
 + Level 4.1 Spellcasting
 - Level 1.0 Transmutations
 + Level 5.0 Earth Magic


You had 7 spell levels left.
You knew the following spells:

 Your Spells              Type           Power        Failure   Level  Hunger
a - Sandblast             Erth           ###...       1%          1    None
b - Passwall              Tmut/Erth      ###.......   6%          2    ##.....
c - Stone Arrow           Conj/Erth      ##....       14%         3    ###....


Dungeon Overview and Level Annotations

Branches:
Dungeon (5/15)             Temple (0/1) D:4

Altars:
Ashenzari
Cheibriados
Dithmenos
Xom
Zin


Innate Abilities, Weirdness & Mutations

You cannot wear most types of armour.
You are very stealthy in the water. (Stealth+)
You are amphibious.
You can wear up to eight rings at the same time.
You can use your tentacles to constrict eight enemies at once.
Your skin changes colour to match your surroundings (Stealth+).
Your rubbery body absorbs attacks. (AC +1, EV +1)


Message History

You constrict the iguana. The iguana bites you!
* * * LOW HITPOINT WARNING * * *
You are too injured to fight recklessly!
You are too injured to fight recklessly!
You are too injured to fight recklessly!
An iguana is nearby!
An iguana is nearby!
An iguana is nearby!
An iguana is nearby!
An iguana is nearby!
Casting: Sandblast
Confirm with . or Enter, or press ? or * to list all spells.
Aiming: Stone Arrow
Press: ? - help, Shift-Dir - straight line, f - iguana
Aim: an iguana (heavily wounded, constricted by you)
The stone arrow hits the iguana.
The iguana is heavily wounded.
You constrict the iguana, but do no damage.
The iguana bites you!
You die...

####### ####.....#
######### #........#
#.......# #........#
#.......# #........#
#.......###........#####
...................'....
#......#.........###..
#....@.#.....##+## #.#
#...l..#...####.####.#
#.>...................
##+#####+.._..#.#.....
#..._8_.#.......
#...._..........
#............<..
................
........#+#+#...


You could see an iguana.

Vanquished Creatures
  2 hounds
  Ijyb (D:5)
  A worker ant (D:2)
  2 adders (D:2)
  2 oozes
  2 worms (D:4)
  4 dart slugs (D:1)
  8 orcs (D:3)
  2 ball pythons
  3 giant cockroaches
  5 goblins
  4 hobgoblins
  6 jackals
  10 kobolds
  A quokka (D:5)
  8 bats
  9 frilled lizards
  10 rats
80 creatures vanquished.

Notes
Turn   | Place    | Note
-------+----------+-------------------------------------------
     0 | D:1      | BrokenGlass the Octopode Earth Elementalist began the quest for the Orb.
     0 | D:1      | Reached XP level 1. HP: 11/11 MP: 3/3
    79 | D:1      | Reached XP level 2. HP: 5/17 MP: 3/5
   454 | D:1      | Found a shattered altar of Ashenzari.
   604 | D:1      | Reached XP level 3. HP: 6/21 MP: 0/6
  1756 | D:2      | Reached skill level 4 in Earth Magic
  1756 | D:2      | Reached XP level 4. HP: 20/27 MP: 8/8
  2046 | D:2      | Learned a level 2 spell: Passwall
  2050 | D:2      | Learned a level 3 spell: Stone Arrow
  2556 | D:3      | Reached XP level 5. HP: 9/31 MP: 4/10
  3425 | D:4      | Found a staircase to the Ecumenical Temple.
  4166 | D:5      | Entered Level 5 of the Dungeon
  4383 | D:5      | Noticed Ijyb
  4389 | D:5      | Killed Ijyb
  4389 | D:5      | Reached skill level 5 in Earth Magic
  4389 | D:5      | Reached XP level 6. HP: 36/36 MP: 3/12
  4473 | D:5      | Found a shadowy altar of Dithmenos.
  4473 | D:5      | Found a snail-covered altar of Cheibriados.
  4473 | D:5      | Found a glowing silver altar of Zin.
  4473 | D:5      | Found a shimmering altar of Xom.
  4533 | D:5      | Slain by an iguana

Skill      XL: |  1  2  3  4  5 |
---------------+----------------+-----
Spellcasting   | 3 4 |  4.1
Earth Magic    | 4 5 |  5.0
Dodging        | |  2.0
Stealth        | |  2.6
Transmutations | |  1.0

Action                   |  1- 3 |  4- 6 || total
-------------------------+-------+-------++-------
Melee: Unarmed           |    51 |       ||    51
       Constrict         |    20 |    23 ||    43
       Tentacles         |    16 |    17 ||    33
       Dagger            |    35 |    99 ||   134
 Cast: Sandblast         |     8 |    10 ||    18
       Stone Arrow       |       |     7 ||     7
 Stab: Sleeping          |    11 |     8 ||    19
  Eat: Chunk             |     2 |     3 ||     5
       Ration            |       |     2 ||     2
Armor: Skin              |    13 |     7 ||    20
Dodge: Dodged            |    61 |    57 ||   118
Block: Other             |       |     3 ||     3
       Reflection        |       |     1 ||     1
